Map: Pillars of Gold LE

Players

LiquidMaNa (MaNa) - Winner!

  • Race: Protoss Protoss
  • League: Master
  • Spawn Location: 1:00

HeroMarine

  • Race: Terran Terran
  • Spawn Location: 7:00

Event: StayAtHomestory Cup #2

VOD

Have the link to the VOD?

Description

Time

  • Played on: June 11, 2020, 11:01 a.m.
  • Length: 14:25

All games in this series

Show
View Real Time Build Order
Export as new Build Order

LiquidMaNa Protoss - Winner!

Build Orders: Oracle Opening, Phoenix Opening 

Get SALT Encoding   

  12  0:00  Probe  
  13  0:13  Probe  
  14  0:18  Pylon  
  14  0:24  Probe  
  15  0:32  Probe  
  15  0:38  Gateway  
  15  0:40  Probe  
  16  0:48  Assimilator  
  17  0:51  Probe  
  18  0:59  Probe  
  19  1:04  Assimilator  
  19  1:07  Probe  
  19  1:17  Probe  
  20  1:25  Cybernetics Core  
  21  1:29  Probe  
  22  1:47  Nexus  
  22  1:55  Pylon  
  22  1:57  Probe  
  23  2:01  Warp Gate  
  23  2:03  Stalker  
  23  2:13  Probe  
  26  2:25  Probe  
  26  2:26  Pylon  
  27  2:33  Sentry  
  29  2:37  Probe  
  30  2:45  Stargate  
  30  2:52  Probe  
  30  2:53  Gateway  
  31  2:59  Probe  
  31  3:05  Gateway  
  32  3:07  Probe, Phoenix  
  32  3:11  Probe  
  34  3:18  Oracle  
  36  3:20  Stalker  
  36  3:23  Probe  
  38  3:31  Probe  
  41  3:36  Probe  
  42  3:43  Probe  
  42  3:45  Oracle  
  43  3:48  Probe  
  43  3:50  Adept  
  43  3:55  Probe  
  50  4:01  Adept x2  
  52  4:07  Probe x2  
  49  4:19  Probe  
  49  4:20  Probe  
  51  4:31  Adept  
  51  4:32  Probe  
  54  4:47  Twilight Council  
  54  4:48  Pylon  
  54  4:55  Assimilator  
  54  4:57  Forge, Assimilator  
  54  5:00  Blink  
  54  5:06  Probe x2, Pylon  
  56  5:09  Protoss Ground Weapons Level 1  
  56  5:11  Pylon  
  56  5:18  Probe x2  
  52  5:31  Probe x2  
  52  5:38  Stalker x2  
  52  5:39  Stalker, Gateway  
  58  5:43  Probe x2, Shield Battery  
  58  5:46  Shield Battery  
  60  5:55  Probe x2  
  62  6:02  Stalker x2  
  62  6:04  Stalker  
  68  6:07  Probe x2  
  68  6:10  Pylon  
  70  6:19  Probe x2  
  72  6:27  Stalker x3  
  78  6:36  Stalker  
  78  6:39  Probe x2  
  82  6:44  Nexus  
  82  6:46  Shield Battery  
  82  6:52  Stalker  
  82  6:53  Stalker  
  85  7:05  Pylon  
  85  7:07  Pylon  
  85  7:13  Robotics Facility  
  83  7:23  Stalker x2  
  83  7:29  Stalker x2  
  89  7:32  Gateway  
  89  7:33  Probe x2, Gateway  
  91  7:45  Shield Battery  
  91  7:47  Sentry x2  
  91  7:50  Charge  
  95  7:53  Sentry x2  
  99  8:02  Immortal  
  87  8:20  Stalker x3  
  87  8:41  Stalker x3  
  74  8:51  Stalker x3  
  78  9:03  Immortal  
  78  9:08  Stalker  
  81  9:15  Stalker x2  
  82  9:23  Protoss Ground Armor Level 1  
  82  9:28  Probe x3  
  82  9:32  Warp Prism  
  82  9:36  Probe  
  82  9:37  Probe  
  85  9:41  Probe  
  90  9:51  Sentry x2  
  90  9:52  Sentry  
  96  9:58  Probe x2  
  98  10:00  Probe  
  99  10:08  Observer  
  99  10:10  Probe x2  
  99  10:12  Probe  
  103  10:26  Templar Archives  
  104  10:31  Zealot x3  
  109  10:36  Pylon  
  109  10:37  Pylon  
  109  10:39  Pylon  
  107  10:43  Psionic Storm  
  107  10:47  Probe x2  
  109  10:54  Immortal  
  109  10:55  Pylon  
  113  10:57  Pylon  
  113  10:59  Assimilator  
  113  11:07  High Templar x2  
  113  11:08  Stalker  
  119  11:14  Stalker x2  
  115  11:25  Stalker  
  101  11:33  Zealot  
  101  11:38  Stalker x2  
  103  11:40  Probe x2  
  103  11:45  Probe  
  104  11:53  Probe x2  
  103  11:59  Probe  
  99  12:12  Zealot, High Templar x2  
  99  12:14  Probe  
  101  12:16  Archon  
  101  12:20  Zealot  
  103  12:29  Zealot x2  
  101  12:31  Probe  
  101  12:36  Probe x2  
  104  12:38  Observer  
  98  12:50  High Templar x2  
  98  12:51  Probe x2  
  102  12:57  Observer  
  102  12:58  Zealot x2  
  107  13:01  Archon  
  107  13:07  Zealot x2  
  111  13:18  Shield Battery  
  111  13:20  Zealot x2  
  111  13:46  High Templar x4  
  117  13:58  Archon  
  117  13:59  Archon  
  117  14:01  Probe  
  112  14:06  Archon  
  98  14:12  Zealot x2  
  91  14:24  High Templar x3  
Show
View Real Time Build Order
Export as new Build Order

HeroMarine Terran 

Build Orders:  

Get SALT Encoding   

  12  0:00  SCV  
  13  0:12  SCV  
  14  0:18  Supply Depot  
  14  0:24  SCV  
  15  0:39  SCV  
  15  0:41  Barracks  
  16  0:44  Refinery  
  16  0:51  SCV  
  17  1:04  SCV  
  18  1:16  SCV  
  19  1:28  Marine  
  19  1:29  Orbital Command  
  20  1:51  Command Center  
  20  1:57  SCV  
  21  2:02  Factory  
  21  2:07  Barracks Reactor  
  21  2:09  SCV  
  22  2:16  Supply Depot  
  22  2:21  SCV  
  23  2:33  Barracks  
  23  2:37  SCV  
  24  2:49  SCV  
  25  2:52  Hellion x2, Barracks Tech Lab  
  29  3:01  SCV  
  29  3:03  Orbital Command  
  30  3:13  SCV, Hellion x2  
  30  3:14  Marine  
  30  3:18  Stimpack  
  36  3:21  Marine  
  36  3:25  SCV  
  38  3:29  SCV  
  38  3:33  Marine  
  40  3:36  Barracks  
  40  3:38  SCV  
  40  3:41  SCV, Refinery  
  42  3:46  Engineering Bay  
  42  3:50  SCV  
  42  3:53  SCV  
  42  3:54  Supply Depot  
  42  3:55  Marine x2  
  45  3:59  Marine  
  45  4:02  SCV  
  46  4:06  SCV  
  45  4:13  Marine x2  
  42  4:17  SCV  
  42  4:18  SCV, Marine  
  42  4:29  SCV  
  42  4:30  SCV, Marine  
  45  4:31  Marine  
  45  4:33  Starport  
  45  4:35  Marine  
  44  4:41  SCV  
  44  4:43  SCV  
  44  4:45  Factory Reactor  
  43  4:48  Marine  
  43  4:49  Marine  
  43  4:53  SCV  
  43  4:55  SCV  
  43  4:58  Terran Infantry Weapons Level 1  
  45  5:01  Combat Shield  
  46  5:10  SCV, Missile Turret  
  46  5:11  SCV  
  46  5:13  Marine  
  48  5:15  Marine  
  48  5:18  Marine  
  48  5:22  SCV  
  48  5:23  SCV  
  48  5:27  Marine  
  49  5:34  Marine x2  
  52  5:41  Medivac  
  54  5:44  Medivac  
  54  5:45  Supply Depot  
  54  5:47  Barracks Tech Lab  
  53  5:51  Supply Depot  
  52  5:57  SCV x2  
  54  6:13  SCV x2, Marauder x2, Marine x2  
  54  6:14  Missile Turret  
  62  6:20  Widow Mine x2  
  62  6:23  Medivac  
  62  6:25  SCV x2  
  70  6:29  Supply Depot  
  70  6:40  Marauder x2  
  70  6:41  Concussive Shells  
  70  6:42  Marine x2  
  70  6:43  Widow Mine  
  76  6:49  Widow Mine  
  79  6:56  Refinery  
  79  6:57  Medivac, Refinery  
  79  7:00  Marine x2  
  81  7:05  Marauder  
  83  7:09  Marauder  
  83  7:14  SCV  
  86  7:18  SCV  
  83  7:27  Widow Mine x2  
  87  7:31  Marauder x2  
  87  7:34  Marine  
  87  7:36  Marine  
  94  7:39  Supply Depot  
  94  7:40  Supply Depot  
  93  7:46  Medivac  
  93  7:51  Terran Infantry Armor Level 1  
  95  7:52  Marine  
  95  7:54  Marauder x2  
  95  7:58  Widow Mine  
  98  8:16  Marauder x2, Marine x2  
  103  8:21  Medivac, Widow Mine x2  
  101  8:37  Marauder x2  
  101  8:39  Marine x2  
  93  8:43  Widow Mine x2  
  86  8:56  Marine  
  86  8:57  Marine  
  86  8:59  SCV x2, Marauder x2  
  91  9:04  Widow Mine x2  
  89  9:11  SCV x2  
  89  9:17  Marine  
  82  9:20  Marauder  
  87  9:27  Medivac  
  87  9:32  Marine x2, Siege Tank  
  87  9:33  Marine  
  87  9:34  Marine  
  94  9:41  Marauder  
  94  9:42  Supply Depot  
  96  9:50  Marine x2  
  96  9:51  Marine  
  96  9:52  Marine  
  100  9:59  Liberator  
  103  10:04  Marauder  
  103  10:05  Siege Tank  
  108  10:07  Marine  
  108  10:08  Marine  
  108  10:09  Marine  
  108  10:10  Marine  
  108  10:13  Supply Depot  
  112  10:25  Marauder, Marine x2  
  112  10:27  Marine  
  112  10:28  Supply Depot, Marine  
  118  10:37  Siege Tank  
  118  10:42  Liberator  
  117  10:43  Marine x2  
  117  10:44  Marine  
  117  10:49  Marine  
  120  10:50  Marauder  
  123  11:01  Marine x2  
  123  11:02  Marine  
  123  11:03  Starport  
  126  11:07  Marine  
  127  11:11  Marauder  
  126  11:19  Marine x2  
  126  11:20  Marine  
  126  11:25  Medivac, Marine  
  126  11:33  Marauder  
  126  11:36  Marine  
  126  11:37  Marine  
  126  11:38  Marine  
  127  11:43  Medivac, Marine  
  124  11:54  Marauder, Marine x2  
  124  11:55  Siege Tank  
  124  11:56  Marine  
  124  11:57  Medivac  
  124  12:01  Marine  
  133  12:12  Marine x2  
  133  12:14  Marine  
  133  12:15  Marine  
  137  12:19  Marine  
  137  12:20  Ghost Academy  
  133  12:29  Medivac x2, Siege Tank  
  136  12:30  Marine x2  
  136  12:32  Marine  
  136  12:33  Marine  
  136  12:36  Marine  
  123  12:48  Marine x2  
  123  12:49  Marine  
  119  12:58  Ghost  
  119  12:59  Medivac x2, Marine  
  119  13:02  Siege Tank  
  129  13:06  Marine x2  
  129  13:07  Marine  
  132  13:17  Marine  
  132  13:23  Marine  
  132  13:24  Marine  
  132  13:25  Marine  
  134  13:27  Marine  
  134  13:34  Medivac, Siege Tank  
  132  13:35  Marine  
  129  13:41  Marine x2  
  129  13:43  Marine  
  129  13:45  Marine  
  127  13:52  Marine  
  126  13:59  Marine x2  
  126  14:01  Marine  
  124  14:03  Marine  
Tags
 
Add a new tag
Caveats
  • Supply blocks, unpowered buildings, or Contaminate may cause inaccurate times.
  • Supply counts are checked every 10 seconds.